 Dungeon Crawl Stone Soup version 0.31-a0-986-g5e6e4ef867 (webtiles) character file.

Game seed: 18051869387896731895

1053 LeprechaunX the Changeling (level 8, -4/48 HPs)
             Began as an Octopode Shapeshifter on Nov 22, 2023.
             Was a Follower of Hepliaklqana.
             Slain by a phantom (7 damage)
             ... on level 6 of the Dungeon.
             The game lasted 00:06:20 (5049 turns).

LeprechaunX the Changeling (Octopode Shapeshifter)  Turns: 5049, Time: 00:06:20

Health: -4/48      AC:  1    Str: 12 (13) XL:     8   Next: 26%
Magic:  8/8        EV: 13    Int: 10 (13) God:    Hepliaklqana [*.....]
Gold:   300        SH:  0    Dex: 12 (13) Spells: 7/7 levels left

rFire   . .          .
                       - Unarmed
rCold   . . .        (no shield)
rNeg    . . .        (helmet currently unavailable)
rPois   .            (no amulet)
rElec   .            x - ring of see invisible
rCorr   .            (no ring)
SInv    +            (no ring)
Will    .....        (no ring)
Stlth   ++           (no ring)
HPRegen 0.28/turn    (no ring)
MPRegen 0.11/turn    (no ring)
                     (no ring)

%: no passive effects
@: beast-form
A: beast (slay +3), reduced essence, almost no armour, amphibious, 8 rings,
camouflage 1, gelatinous body 1, (nimble swimmer 1), tentacles
a: Begin Untransformation, Renounce Religion, Recall Ancestor, Ancestor Identity


You were on level 6 of the Dungeon.
You worshipped Hepliaklqana.
Hepliaklqana was aware of your devotion.
You were a hulking beast.
You visited 2 branches of the dungeon, and saw 7 of its levels.
You also visited: Ossuary.

You collected 300 gold pieces.

Inventory:

Hand Weapons
 a - a +0 sling
 s - a +3 spectral quarterstaff
Missiles
 t - 4 boomerangs
 u - a throwing net
Jewellery
 x - a ring of see invisible (left tentacle)
Talismans
 b - a beast talisman
 c - a flux talisman
 o - a serpent talisman
Scrolls
 e - 5 scrolls of teleportation {unknown}
 g - 8 scrolls of identify {unknown}
 i - 3 scrolls of amnesia {unknown}
 j - a scroll of enchant armour {unknown}
 k - 2 scrolls of fear {unknown}
 l - 2 scrolls of immolation {unknown}
 n - 3 scrolls of poison {unknown}
 q - 2 scrolls of revelation {unknown}
 r - a scroll of noise {unknown}
 y - 2 scrolls of vulnerability {unknown}
 A - a scroll of fog {unknown}
Potions
 d - 2 potions of degeneration
 f - 2 potions of ambrosia {unknown}
 h - 2 potions of curing
 m - 2 potions of brilliance {unknown}
 p - a potion of lignification
 v - a potion of invisibility {unknown}
 w - 5 potions of heal wounds
 z - 2 potions of haste {unknown}
 B - 2 potions of enlightenment {unknown}
 C - a potion of might {unknown}


   Skills:
 + Level 4.6 Fighting
 - Level 2.0 Dodging
 + Level 5.5 Unarmed Combat
 * Level 6.8 Shapeshifting


You had 7 spell levels left.
You didn't know any spells.
Your spell library contained the following spells:

 Spells                   Type           Power      Damage    Failure   Level
 Shock                    Conj/Air       0%         1d3       36%         1
 Sting                    Tmut/Pois      0%         1d3       36%         1
 Poisonous Vapours        Pois/Air       0%         N/A       50%         2
 Mephitic Cloud           Conj/Pois/Air  0%         N/A       75%         3
 Swiftness                Air            0%         N/A       75%         3
 Airstrike                Air            0%         2d(0-16)  98%         4
 Olgreb's Toxic Radiance  Pois           0%         N/A       98%         4
 Freezing Cloud           Conj/Ice/Air   0%         6-21      100%        5
 Iskenderun's Battlesphe  Conj           0%         2d6       100%        5
 Starburst                Conj/Fire      0%         6d3       100%        6


Dungeon Overview and Level Annotations

Branches:
Dungeon (6/15)             Temple (1/1) D:5         Ossuary (visited)

Altars:
Ashenzari
Cheibriados
Dithmenos
Elyvilon
Fedhas
Hepliaklqana
Makhleb
Okawaru
Qazlal
Ru
Trog
Uskayaw
Vehumet
Xom
Yredelemnul
Zin
The Shining One

Shops:
D:4 (

Annotations:
D:6 1 transporter


Innate Abilities, Weirdness & Mutations

You are a hulking beast.
Your limbs bulge with bestial killing power. (Slay +3)
Your life essence is reduced to manifest your ancestor. (-10% HP)
You cannot wear most types of armour.
You are amphibious.
You can wear up to eight rings at the same time.
Your skin changes colour to match your surroundings (Stealth+).
Your rubbery body absorbs attacks. (AC +1, EV +1)
((You are camouflaged when in or above water. (Stealth+)))
You have tentacles for arms and can constrict up to eight enemies at once.


Message History

You constrict the hound.
* * * LOW HITPOINT WARNING * * *
You feel very sick. The hound closely misses you.
It was a potion of curing.
You feel better.
You constrict the hound. The hound closely misses you.
Lwandle barely misses the hound.
The hound bites you.
* * * LOW HITPOINT WARNING * * *
You tentacle-slap the hound.
The hound is almost dead.
You constrict the hound. The hound bites you.
* * * LOW HITPOINT WARNING * * *
Something hits Lwandle.
Something shocks Lwandle.
Lwandle hits the hound.
The hound dies!
Unknown command.
It was a potion of heal wounds.
You feel much better.
Something closely misses Lwandle.
Lwandle barely misses the phantom.
The phantom hits you.
You miss the phantom. Your squeeze misses the phantom.
The phantom is moderately damaged.
Something hits Lwandle.
Something shocks Lwandle.
Lwandle misses the phantom.
The phantom hits you.
The phantom blinks!
You blink.
A sky beast comes into view.
You tentacle-slap the phantom.
The phantom is heavily damaged.
The phantom hits you!
* * * LOW HITPOINT WARNING * * *
The phantom blinks!
You blink.
You closely miss the phantom.
Your tentacle-slap misses the phantom.
The phantom is heavily damaged.
You closely miss the phantom. You squeeze the phantom!
The phantom is almost destroyed.
The phantom hits you.
* * * LOW HITPOINT WARNING * * *
The phantom blinks!
You blink.
Unknown command.
You closely miss the phantom. Your squeeze misses the phantom.
The phantom is almost destroyed.
The phantom hits you!
You die...

#...R......#.... !
##..........##...
..####....R......'...
..........Y......#
....≈≈≈..........#
©...≈[≈..........+
....≈≈≈..........#
...............###
..............h#
............§.W#
............§..#
...............#
..h............#
######....# #....#
######


You could see the friendly Lwandle the ancestor, a sky beast (invisible) and a
phantom (ally target).

Vanquished Creatures
  A water moccasin (D:6)
  An ogre (D:6)
  4 scorpions
  A howler monkey (D:4)
  An orc priest (D:4)
  2 hounds
  2 sleepcaps (D:5)
  An iguana (D:5)
  2 orc wizards
  12 mummies (Ossuary)
  8 adders
  2 white imps
  A worm (D:2)
  A dart slug (D:2)
  8 orcs
  5 bats
  4 endoplasms
  2 giant cockroaches
  9 hobgoblins
  6 kobolds
  5 quokkas
  3 training dummies (D:4)
  8 ball pythons
  A frilled lizard (D:2)
  3 gnoll skeletons (Ossuary)
  9 goblins
  2 goblin skeletons (Ossuary)
  2 kobold skeletons (Ossuary)
  An orc skeleton (Ossuary)
  11 rats
  11 rat skeletons (Ossuary)
129 creatures vanquished.

Vanquished Creatures (collateral kills)
  A hound (D:6)
1 creature vanquished.

Grand Total: 130 creatures vanquished

Notes
Turn   | Place    | Note
-------+----------+-------------------------------------------
     0 | D:1      | LeprechaunX the Octopode Shapeshifter began the quest for
                  | the Orb.
     0 | D:1      | Reached XP level 1. HP: 13/13 MP: 1/1
   259 | D:1      | Reached XP level 2. HP: 13/18 MP: 2/2
   734 | D:2      | Identified the "Rooddiag"
   789 | D:2      | Reached XP level 3. HP: 17/23 MP: 3/3
   967 | D:2      | Reached XP level 4. HP: 15/29 MP: 4/4
  1141 | D:2      | Reached skill level 4 in Shapeshifting
  1879 | D:3      | Reached XP level 5. HP: 31/34 MP: 5/5
  1897 | D:3      | Identified the +1 leather armour of Terror {Contam Int+6}
  2457 | D:4      | Found Ufoef's Firing Range.
  2524 | D:4      | Found a glowing golden altar of the Shining One.
  2610 | D:4      | Reached XP level 6. HP: 41/41 MP: 6/6
  2896 | D:4      | Reached skill level 5 in Shapeshifting
  3132 | D:5      | Entered Level 5 of the Dungeon
  3194 | D:5      | Found a staircase to the Ecumenical Temple.
  3203 | Temple   | Entered the Ecumenical Temple
  3223 | Temple   | Became a worshipper of Hepliaklqana the Forgotten
  3308 | D:5      | Reached XP level 7. HP: 46/46 MP: 7/7
  3338 | D:5      | Found a sand-covered staircase.
  3343 | Ossuary  | Entered an ossuary
  4021 | D:5      | Reached skill level 5 in Unarmed Combat
  4174 | D:5      | Reached skill level 6 in Shapeshifting
  4923 | D:6      | Reached XP level 8. HP: 32/54 MP: 8/8
  5024 | D:6      | Found a transporter.
  5024 | D:6      | Reached * piety under Hepliaklqana
  5041 | D:6      | HP: 2/48 [poisoned by a water moccasin]
  5049 | D:6      | Slain by a phantom

Illustrated notes

Levels and vault maps discovered:
D:1:      minmay_arrival_arboretum_small, layout_basic
D:2:      layout_rooms, skrybe_limestone_x
D:3:      layout_loops_corners
D:4:      layout_gridville, tso_metal_star, st_stairs_8,
          nicolae_shop_firing_range
D:5:      layout_basic, minmay_temple_entry_glassed_door,
          nicolae_ossuary_entry_ruins, kennysheep_donut
D:6:      layout_basic, gammafunk_ghost_abyssal_escape,
          corexii_item_surrounded_by_moat
Temple:   kb_temple_of_zot

Skill      XL: |  1  2  3  4  5  6  7 |
---------------+----------------------+-----
Fighting       | 2 3 4 |  4.6
Shapeshifting  | 4 5 6 |  6.8
Unarmed Combat | 4 5 |  5.5
Dodging        | |  2.0

Action                     |  1- 3 |  4- 6 |  7- 9 || total
---------------------------+-------+-------+-------++-------
  Melee: Unarmed           |    66 |    52 |    20 ||   138
         Constrict         |    19 |    21 |    32 ||    72
         Tentacles         |     9 |    12 |    25 ||    46
         Punch             |     3 |       |     3 ||     6
         Quarterstaff      |       |    37 |    63 ||   100
   Fire: Sling             |       |       |     3 ||     3
    Use: Potion            |       |       |     3 ||     3
   Stab: Sleeping          |     5 |     4 |     6 ||    15
         Distracted        |       |     1 |     1 ||     2
 Armour: Skin              |    30 |    35 |    34 ||    99
  Dodge: Dodged            |    39 |    39 |    29 ||   107

Table legend: (Time is in decaauts)
 A = Elapsed time spent in this place.
 B = Non-inter-level travel time spent in this place.
 C = Inter-level travel time spent in this place.
 D = Time resting spent in this place.
 E = Time spent auto-exploring this place.
 F = Levels seen in this place.
 G = Mean time per level.
                   A        B        C        D        E       F      G
               +--------+--------+--------+--------+--------+-----+--------+
         Total |   5068 |   4897 |    171 |    347 |   3637 |   8 |  633.5 |
       Dungeon |   4427 |   4294 |    133 |    250 |   3322 |   6 |  737.8 |
        Temple |     40 |      2 |     38 |      0 |      0 |   1 |   40.0 |
       Ossuary |    601 |    601 |      0 |     97 |    315 |   1 |  601.0 |
               +--------+--------+--------+--------+--------+-----+--------+

Top non-repeatable levels by time:
     D:3: 964 daAuts
     D:5: 900 daAuts
     D:4: 768 daAuts
     D:1: 732 daAuts
     D:2: 667 daAuts
 Ossuary: 601 daAuts
     D:6: 393 daAuts
  Temple: 40 daAuts
